 Dungeon Crawl Stone Soup version 0.16.2-2-g470672f (webtiles) character file.

65 CrazyArbalest the Bolt Thrower (level 3, 0/29 HPs)
             Began as a Centaur Hunter on Aug 21, 2015.
             Slain by an orc
             ... wielding a +2 falchion of flaming
              (1 damage)
             ... on level 3 of the Dungeon.
             The game lasted 00:08:22 (2330 turns).

CrazyArbalest the Bolt Thrower (Centaur Hunter)     Turns: 2330, Time: 00:08:22

Health: 0/29       AC: 10    Str: 14    XL:     3   Next: 94%
Magic:  3/3        EV:  8    Int: 10    God:
Gold:   127        SH:  0    Dex: 10    Spells: 0 memorised, 2 levels left

rFire  . . .     SeeInvis .     s - +0 short sword (protect)
rCold  . . .     Clarity  .     j - +0 ring mail
rNeg   . . .     SustAb   .     (no shield)
rPois  .         Gourm    .     (no helmet)
rElec  .         Spirit   .     (no cloak)
rCorr  .         Warding  .     (no gloves)
rMut   .         Stasis   .     (no barding)
MR     .....                    (no amulet)
Stlth  ..........               (no ring)
                                (no ring)

@: very quick, not resistant to hostile enchantments, extremely unstealthy
A: hooves 3, deformed body, speed 2, tough skin 3
a: no special abilities


You were on level 3 of the Dungeon.
You were not hungry.

You visited 1 branch of the dungeon, and saw 3 of its levels.

You collected 127 gold pieces.

Inventory:

Hand weapons
 a - a +0 whip
 b - a +1 hand crossbow
 s - a +0 short sword of protection (weapon)
Armour
 d - a +0 leather armour
 j - a +0 ring mail (worn)
Jewellery
 e - a cursed +4 ring of intelligence {unknown}
 n - a +4 ring of intelligence {unknown}
 o - an uncursed ring of magical power {unknown}
 u - an uncursed ring of wizardry {unknown}
Scrolls
 g - 6 scrolls of identify {unknown}
 h - a scroll of noise {unknown}
 k - a scroll of blinking {unknown}
 r - a scroll of fear {unknown}
 v - a scroll of recharging {unknown}
 w - a scroll of fog {unknown}
Potions
 p - 2 potions of curing {unknown}
 q - a potion of cancellation {unknown}
 t - a potion of brilliance {unknown}
Comestibles
 f - 2 bread rations
 i - a royal jelly
 l - a beef jerky
 m - 5 chunks of flesh


   Skills:
 + Level 2.0 Fighting
 + Level 0.5 Short Blades
 + Level 0.1 Maces & Flails
 * Level 5.4 Crossbows
 + Level 0.7 Armour
 + Level 1.8 Dodging
 + Level 0.5 Stealth


You had 2 spell levels left.
You didn't know any spells.

Dungeon Overview and Level Annotations

Branches:
Dungeon (3/15)

Altars:


Innate Abilities, Weirdness & Mutations

You have hooves in place of feet.
Armour fits poorly on your strangely shaped body.
You cover ground very quickly.
You have extremely tough skin (AC +3).


Message History

The orc is almost dead.
The orc hits you with a falchion of flaming.
* * * LOW HITPOINT WARNING * * *
The orc burns you.
* * * LOW HITPOINT WARNING * * *
You hit the orc but do no damage.
The orc is almost dead.
The orc closely misses you.
You barely miss the orc.
The orc is almost dead.
The orc barely misses you.
You closely miss the orc. You kick the orc.
The orc is almost dead.
The orc hits you but does no damage.
You barely miss the orc.
The orc is almost dead.
The orc hits you with a falchion of flaming.
* * * LOW HITPOINT WARNING * * *
The orc burns you.
You die...

#######(#############.##
..........(...((..........
#)#######...###...
#(...†÷.....#
###########...# .........#
#...# ####g###...#######
#......#......[..#
###......#@........###
#........o...........#
#.##..(..###...)..[..#
#####.#.....(###.......[.#
#..............#####.....#
#.###.#.........# #.....#
#.# #.#...(..#..# #######
#.# #.#..#.#.#..# ###.#
#.#..#.#(...#########


You could see an orc.

Vanquished Creatures
  2 adders (D:3)
  2 worms (D:2)
  A giant gecko (D:2)
  An ooze (D:1)
  2 orcs (D:3)
  2 bats
  5 goblins
  5 hobgoblins
  4 giant newts
  6 kobolds
  3 rats
33 creatures vanquished.

Notes
Turn   | Place    | Note
--------------------------------------------------------------
     0 | D:1      | CrazyArbalest, the Centaur Hunter, began the quest for the Orb.
     0 | D:1      | Reached XP level 1. HP: 17/17 MP: 1/1
   406 | D:1      | Reached XP level 2. HP: 21/24 MP: 2/2
  1221 | D:2      | Reached skill level 5 in Crossbows
  1507 | D:2      | Reached XP level 3. HP: 29/29 MP: 3/3
  2330 | D:3      | HP: 1/29 [orc/falchion of flaming (3)]
  2330 | D:3      | Slain by an orc

Action                   || total
-------------------------++-------
Melee: Short sword       ||    45
       Whip              ||    94
 Fire: Hand crossbow     ||    50
  Eat: Chunk             ||     3
